 Dungeon Sprint DCSS version 0.26-a0-651-gb41185065b (webtiles) character file.

Game seed: 1388500759242991184

1602 sahdkjhfkaj the Imperceptible (level 8, -12/82 HPs)
             Began as a Vampire Brigand on Sept 29, 2020.
             Was a Believer of Uskayaw.
             Mangled by a sun demon (25 damage)
             ... summoned by a kobold demonologist
             ... in the Dungeon (Sprint I: "Red Sonja").
             The game lasted 00:02:11 (591 turns).

sahdkjhfkaj the Imperceptible (Vampire Brigand)      Turns: 591, Time: 00:02:11

Health: -12/82     AC:  3    Str: 10    XL:     8   Next: 62%
Magic:  6/8        EV: 12    Int: 13    God:    Uskayaw [**....]
Gold:   837        SH:  0    Dex: 18    Spells: 7/7 levels left

rFire    . . .     SeeInvis +   a - +2 dagger
rCold    . . .     Faith    .   (no shield)
rNeg     . . .     Spirit   .   b - +0 robe
rPois    .         Reflect  .   (no helmet)
rElec    .         Harm     .   c - +0 cloak
rCorr    .         Rampage  .   (no gloves)
MR       .....     NoTele   +   (no boots)
Stlth    ..........             (no amulet)
HPRegen  0.43/turn              (no ring)
MPRegen  0.11/turn              (no ring)

@: berserking, regenerating quickly, very quick
A: fangs 3, see invisible, unbreathing
a: Exsanguinate, Stomp, Line Pass, Renounce Religion


You were in the Dungeon.
You worshipped Uskayaw.
Uskayaw was noncommittal.
You visited 1 branch You collected 837 gold pieces.

Inventory:

Hand Weapons
 a - a +2 dagger (weapon)
Missiles
 d - 8 poisoned darts (quivered)
 e - 8 curare-tipped darts
 p - 6 datura-tipped darts
Armour
 b - a +0 robe (worn)
 c - a +0 cloak (worn)
Wands
 j - a wand of random effects (26)
Scrolls
 n - a scroll of remove curse {unknown}
Potions
 f - 3 potions of curing
 i - 2 potions of magic
 l - a potion of resistance {unknown}
 m - a potion of invisibility {unknown}
 o - a potion of lignification {unknown}


   Skills:
 - Level 1.7 Fighting
 - Level 2.1 Short Blades
 - Level 1.5 Throwing
 - Level 1.1 Dodging
 + Level 25.7 Stealth


You had 7 spell levels left.
You didn't know any spells.
Your spell library contained the following spells:

 Spells                   Type           Power        Failure   Level
 Summon Small Mammal      Summ           #...         30%         1
 Call Imp                 Summ           #.......     43%         2
 Call Canine Familiar     Summ           #.......     67%         3
 Summon Guardian Golem    Hex/Summ       #.......     67%         3
 Summon Ice Beast         Ice/Summ       #.......     97%         4
 Summon Lightning Spire   Summ/Air       #.......     97%         4


Dungeon Overview and Level Annotations

Branches:
Dungeon (1/1)

Altars:
Cheibriados
Dithmenos
Elyvilon
Fedhas
Gozag
Hepliaklqana
Kikubaaqudgha
Makhleb
Nemelex Xobeh
Okawaru
Qazlal
Ru
Sif Muna
Trog
Uskayaw
Vehumet
Wu Jian
Xom
Yredelemnul
Zin
The Shining One
Jiyva
Lugonu

Shops:
D =[


Innate Abilities, Weirdness & Mutations

Your natural rate of healing is unusually fast.
You have razor-sharp teeth.
You have supernaturally acute eyesight. (SInv)
You can survive without breathing.


Message History

Unknown command.
Unknown command.
Unknown command.
Unknown command.
You miss the kobold demonologist.
The kobold demonologist is lightly wounded.
The sun demon hits you.
You are engulfed in flames!
* * * LOW HITPOINT WARNING * * *
Unknown command.
Unknown command.
Press: ? - help, v - describe, . - travel
Here: a sun demon (summoned)
The floor.
Unknown command.
You puncture the kobold demonologist!
The kobold demonologist is moderately wounded.
The kobold demonologist completely misses you.
The kobold demonologist closely misses you.
The sun demon hits you!!
You die...

######################
..'..#.)'..#__#3@K335#
[.#.)'..#.J+..'4K#555#
####'#####'#__####.55+
###..#...#.#### #####
__####..##.#
_____##'#_.+
_.∩..÷'..._#
_..__##_.#'##+###
_____###'#[#[...###


You could see a sun demon (summoned), 2 kobold demonologists, a smoke demon
(summoned), a neqoxec (summoned), a chaos spawn (summoned), an iron imp
(summoned), a quasit (summoned), a white imp (summoned), 2 shadow imps and an
ufetubus (summoned, expiring).

Vanquished Creatures
  Sonja (D)
  A deep troll (D)
  Sigmund (D)
  A yak (D)
  A floating eye (D)
  An ogre (D)
  A jelly (D)
  Ijyb (D)
8 creatures vanquished.

Vanquished Creatures (others)
  2 ballistomycete spores (D)
2 creatures vanquished.

Grand Total: 10 creatures vanquished

Notes
Turn   | Place    | Note
-------+----------+-------------------------------------------
     0 | D        | sahdkjhfkaj the Vampire Brigand began the quest for the
                  | Orb.
     0 | D        | Reached XP level 1. HP: 16/16 MP: 1/1
     1 | D        | Noticed Ijyb
    15 | D        | Killed Ijyb
    15 | D        | Reached skill level 10 in Stealth
    15 | D        | Reached XP level 2. HP: 22/22 MP: 2/2
   116 | D        | Noticed an ogre
   118 | D        | Killed an ogre
   118 | D        | Reached skill level 14 in Stealth
   118 | D        | Reached XP level 3. HP: 27/27 MP: 3/3
   118 | D        | Reached XP level 4. HP: 33/33 MP: 4/4
   126 | D        | Noticed Sigmund
   129 | D        | Killed Sigmund
   129 | D        | Reached skill level 18 in Stealth
   129 | D        | Reached XP level 5. HP: 38/38 MP: 5/5
   129 | D        | Reached XP level 6. HP: 44/44 MP: 6/6
   141 | D        | Found an ornate altar of the Wu Jian Council.
   141 | D        | Found a shimmering blue altar of Sif Muna.
   143 | D        | Found a radiant altar of Vehumet.
   171 | D        | Found Tontukhli's Jewellery Emporium.
   171 | D        | Found an ancient bone altar of Kikubaaqudgha.
   171 | D        | Found a hazy altar of Hepliaklqana.
   171 | D        | Found a stormy altar of Qazlal.
   171 | D        | Found a hide-covered altar of Uskayaw.
   171 | D        | Found a blossoming altar of Fedhas.
   171 | D        | Found a bloodstained altar of Trog.
   171 | D        | Found an iron altar of Okawaru.
   171 | D        | Found a basalt altar of Yredelemnul.
   171 | D        | Found a glowing golden altar of the Shining One.
   171 | D        | Found a snail-covered altar of Cheibriados.
   171 | D        | Found a sacrificial altar of Ru.
   171 | D        | Found a glowing silver altar of Zin.
   171 | D        | Found a shadowy altar of Dithmenos.
   171 | D        | Found a white marble altar of Elyvilon.
   171 | D        | Noticed a yak
   172 | D        | Found an opulent altar of Gozag.
   173 | D        | Killed a yak
   173 | D        | Reached skill level 20 in Stealth
   174 | D        | Found a sparkling altar of Nemelex Xobeh.
   179 | D        | Became a worshipper of Uskayaw the Reveler
   188 | D        | Noticed Sonja
   192 | D        | Killed Sonja
   192 | D        | Reached skill level 23 in Stealth
   192 | D        | Reached XP level 7. HP: 49/49 MP: 7/7
   192 | D        | Reached XP level 8. HP: 55/55 MP: 8/8
   192 | D        | Reached * piety under Uskayaw
   205 | D        | Noticed a deep troll
   209 | D        | Killed a deep troll
   209 | D        | Reached skill level 25 in Stealth
   209 | D        | Reached ** piety under Uskayaw
   219 | D        | Found Sam Wocu's Armour Emporium.
   285 | D        | Found a viscous altar of Jiyva.
   285 | D        | Found a corrupted altar of Lugonu.
   285 | D        | Noticed a slime creature
   286 | D        | Found a burning altar of Makhleb.
   286 | D        | Found a shimmering altar of Xom.
   572 | D        | Noticed a kobold demonologist
   573 | D        | Noticed a kobold demonologist
   580 | D        | Noticed a smoke demon
   581 | D        | Paralysed by a floating eye for 3 turns
   586 | D        | Noticed a sun demon
   591 | D        | Mangled by a sun demon

Illustrated notes

Levels and vault maps discovered:
D:        dungeon_sprint_1 [red_sonja_temple_1, red_sonja_temple_small_1]

Skill      XL: |  1  2  3  4  5  6  7  8 |
---------------+-------------------------+-----
Stealth        | 10 14 18 23 25 | 25.7
Fighting       | |  1.7
Short Blades   | |  2.1
Throwing       | |  1.5
Dodging        | |  1.1

Action                   |  1- 3 |  4- 6 |  7- 9 || total
-------------------------+-------+-------+-------++-------
Melee: Dagger            |    13 |     4 |    12 ||    29
       Bite              |     1 |       |     2 ||     3
Invok: Stomp             |       |       |     2 ||     2
 Abil: Exsanguinate      |       |       |     1 ||     1
  Use: Potion            |     1 |       |     3 ||     4
       Scroll            |       |       |     1 ||     1
 Stab: Sleeping          |     1 |     4 |     1 ||     6
Armor: Robe              |     1 |       |     2 ||     3
Dodge: Dodged            |     5 |       |    11 ||    16

Table legend: (Time is in decaauts)
 A = Elapsed time spent in this place.
 B = Non-inter-level travel time spent in this place.
 C = Inter-level travel time spent in this place.
 D = Time resting spent in this place.
 E = Time spent auto-exploring this place.
 F = Levels seen in this place.
 G = Mean time per level.
                   A        B        C        D        E       F      G
               +--------+--------+--------+--------+--------+-----+--------+
         Total |    573 |    573 |      0 |    306 |      1 |   1 |  573.0 |
       Dungeon |    573 |    573 |      0 |    306 |      1 |   1 |  573.0 |
               +--------+--------+--------+--------+--------+-----+--------+

Top non-repeatable levels by time:
       D: 573 daAuts
